AoeStats
← GORGORY

Enclosed

504035529Analyzed
1v1 RM · 1mo ago on Sep 3, 2026· 21m 59s· 2 players
Game mode
Random Map
Map size
Tiny (2 player)
Population
200
Speed
Normal
Resources
Standard
Victory
Conquest
Starting age
Dark Age
Ending age
Imperial Age
RankedLock teamsTeams togetherTeam positionsShared explorationLock speedFull tech treeHidden civsTurbo modeCheats
Victory
Defeat
🇹🇼 Persians · Taiwan
1017
+16
🇦🇷 Ethiopians · Argentina
1025
-16
羅sai
11:25 Feudal Age
16:07 Castle Age
14:12 Double-Bit Axe
14:35 Horse Collar
15:00 Gold Mining
16:03 Bloodlines
21:55 Scale Barding Armor
GORGORY
5:47 Loom
5:55 Loom
9:00 Feudal Age
9:28 Double-Bit Axe
9:41 Horse Collar
13:25 Wheelbarrow
18:02 Castle Age
18:11 Scale Mail Armor
18:08 Stone Mining
19:09 Squires
Connection lost

Rejoining the realm…

Still unreachable

The connection could not be restored.

Session expired

The server has moved on; the page needs a fresh start.